Get step-by-step instructions on how to execute this build order below. Start the game timer, and the build order will tick by so you can play in parallel with StarCraft on a second screen or mobile device.

Game Time

  0:00

Last Step

  N/A

Next Step

Upcoming Step



Don't want to look back and forth between 2 screens? Try out our Overwolf App, the Spawning Tool Build Advisor to get an in-game overlay with this build!

Complete Build Order

  12  0:00  Drone  
  13  0:12  Overlord  
  13  0:16  Drone  
  14  0:30  Drone x2  
  16  0:46  Drone x2  
  18  0:55  Hatchery  
  17  0:58  Drone  
  17  1:00  Extractor  
  17  1:13  Spawning Pool  
  17  1:16  Drone  
  17  1:19  Drone  
  18  1:28  Drone  
  19  1:39  Drone  
  20  1:50  Drone  
  21  2:00  Zergling x2  
  22  2:04  Metabolic Boost  
  22  2:06  Queen x2  
  22  2:07  Zergling x2  
  27  2:13  Overlord  
  27  2:17  Drone  
  28  2:29  Hatchery  
  27  2:33  Drone  
  29  2:37  Drone  
  29  2:38  Drone  
  30  2:45  Queen  
  30  2:49  Overlord  
  32  2:54  Zergling x2  
  32  2:56  Zergling x2  
  32  2:57  Drone  
  35  3:04  Drone  
  36  3:10  Zergling x2  
  36  3:14  Zergling x2  
  36  3:15  Drone  
  36  3:16  Drone x3  
  36  3:19  Zergling x2  
  41  3:23  Drone  
  41  3:28  Drone  
  41  3:31  Spore Crawler  
  41  3:35  Overlord  
  41  3:36  Drone x2  
  41  3:40  Drone  
  44  3:43  Drone  
  44  3:48  Drone, Queen  
  46  3:51  Drone  
  46  3:55  Drone x2  
  49  4:02  Drone x2  
  49  4:04  Drone  
  49  4:08  Spore Crawler  
  49  4:14  Drone x2  
  49  4:16  Spore Crawler  
  50  4:22  Drone x3  
  53  4:28  Drone x3  
  56  4:32  Overlord  
  56  4:35  Overlord  
  56  4:36  Drone x2  
  58  4:41  Overlord  
  58  4:45  Overlord  
  58  4:49  Lair, Overlord  
  53  4:53  Drone x3  
  56  5:01  Drone x6  
  56  5:03  Drone x2  
  63  5:10  Drone x4  
  67  5:14  Zergling x6  
  67  5:18  Drone x2  
  72  5:21  Evolution Chamber  
  72  5:22  Queen  
  72  5:24  Zergling x4  
  75  5:29  Zergling x2, Extractor  
  75  5:39  Drone x7  
  79  5:50  Drone  
  79  5:51  Drone x5  
  79  5:54  Zerg Missile Weapons Level 1, Queen  
  79  5:56  Roach Warren  
  83  6:01  Queen  
  83  6:02  Overlord  
  83  6:04  Drone x4  
  87  6:07  Extractor  
  87  6:08  Extractor  
  87  6:09  Extractor  
  87  6:10  Extractor  
  82  6:20  Drone x3, Overlord  
  82  6:22  Hatchery  
  85  6:28  Drone, Spire  
  84  6:39  Queen  
  86  6:44  Overlord  
  86  6:46  Overseer  
  85  6:47  Hatchery  
  85  6:48  Zergling x8, Queen  
  85  6:50  Overlord x2  
  90  6:55  Glial Reconstitution  
  89  7:02  Drone x2  
  89  7:07  Drone x3  
  94  7:10  Drone  
  94  7:11  Overlord  
  95  7:16  Drone x2  
  95  7:21  Infestation Pit  
  96  7:23  Roach  
  96  7:24  Queen, Roach x10  
  96  7:27  Drone  
  121  7:30  Spore Crawler  
  121  7:33  Spore Crawler  
  115  7:40  Drone  
  115  7:41  Drone x2  
  115  7:43  Drone  
  117  7:47  Pneumatized Carapace  
  116  7:53  Overlord x2  
  116  7:56  Overlord x2  
  116  8:01  Drone x4  
  116  8:05  Overlord  
  120  8:10  Queen, Spore Crawler  
  120  8:11  Drone x2  
  122  8:15  Zerg Missile Weapons Level 2  
  122  8:18  Hive, Evolution Chamber  
  122  8:19  Drone x2  
  123  8:25  Drone x4  
  123  8:26  Drone x7  
  132  8:27  Spore Crawler  
  132  8:28  Spore Crawler  
  132  8:33  Queen  
  125  8:38  Drone  
  122  8:42  Roach x4, Spore Crawler x2  
  122  8:44  Spore Crawler  
  122  8:45  Spine Crawler  
  122  8:47  Roach x3  
  132  8:51  Queen  
  134  8:57  Zerg Ground Armor Level 1  
  134  9:00  Drone x2  
  134  9:01  Queen  
  138  9:04  Drone x6  
  138  9:07  Drone, Extractor  
  138  9:08  Extractor  
  141  9:16  Zergling x6  
  132  9:17  Drone x2  
  132  9:23  Drone x3  
  132  9:24  Zergling x2, Roach  
  140  9:30  Hatchery  
  139  9:34  Greater Spire  
  139  9:35  Viper x2  
  145  9:39  Pathogen Glands  
  145  9:42  Hatchery  
  145  9:43  Zergling x10, Roach x2  
  154  9:57  Spore Crawler  
  153  10:05  Spine Crawler  
  152  10:09  Roach x3  
  153  10:16  Drone x3  
  156  10:21  Adrenal Glands  
  156  10:23  Ultralisk Cavern  
  156  10:26  Corruptor x3  
  159  10:29  Overlord x3  
  159  10:33  Zerg Melee Weapons Level 1  
  159  10:34  Overlord  
  159  10:51  Zerg Flyer Weapons Level 1, Corruptor x4  
  167  10:59  Brood Lord x3  
  173  11:06  Corruptor x3  
  173  11:10  Zerg Ground Armor Level 2  
  173  11:11  Corruptor x6  
  178  11:16  Drone x5  
  185  11:19  Unknown  
  185  11:23  Corruptor x2  
  185  11:24  Corruptor  
  175  11:31  Brood Lord  
  165  11:42  Drone x5, Corruptor x3, Spore Crawler  
  175  11:54  Spore Crawler x2  
  175  11:55  Spore Crawler  
  175  11:56  Spore Crawler x2  
  175  11:58  Infestor x2  
  175  11:59  Spore Crawler  
  173  12:02  Spore Crawler  
  173  12:07  Brood Lord x2  
  176  12:10  Infestor  
  178  12:18  Spine Crawler  
  178  12:19  Drone x2  
  178  12:21  Hatchery  
  178  12:22  Overseer  
  178  12:28  Drone x2  
  180  12:33  Chitinous Plating  
  180  12:34  Spore Crawler  
  180  12:36  Spore Crawler  
  178  12:39  Zerg Melee Weapons Level 2  
  178  12:42  Infestor x2  
  178  12:43  Infestor  
  184  12:47  Zergling x22  
  184  12:51  Spore Crawler  
  194  12:53  Spore Crawler  
  194  12:54  Spore Crawler  
  194  12:55  Corruptor  
  194  13:03  Spire  
  193  13:13  Baneling Nest  
  193  13:15  Drone  
  193  13:16  Drone x2  
  193  13:18  Corruptor  
  196  13:30  Overlord  
  196  13:32  Zerg Flyer Weapons Level 2  
  193  13:47  Overseer  
  193  13:48  Overseer x2  
  191  13:49  Corruptor x4  
  198  14:01  Drone x2  
  200  14:05  Spine Crawler x2  
  200  14:07  Zergling x4  
  200  14:17  Zerg Flyer Armor Level 1, Centrifugal Hooks  
  200  14:26  Hatchery  
  199  14:31  Anabolic Synthesis  
  199  14:33  Baneling x7  
  199  14:38  Zergling x2  
  199  15:03  Baneling x4  
  199  15:06  Spore Crawler  
  195  15:07  Spore Crawler x3  
  189  15:26  Viper x2  
  179  15:33  Brood Lord  
  179  15:36  Overlord x4  
  177  15:45  Overlord  
  177  15:47  Zerg Ground Armor Level 3  
  177  15:48  Zerg Melee Weapons Level 3, Ultralisk  
  183  15:50  Overlord  
  183  15:54  Viper x4  
  195  16:06  Corruptor x2  
  199  16:15  Spine Crawler  
  199  16:17  Spine Crawler, Spore Crawler  
  196  16:33  Zerg Flyer Weapons Level 3, Zerg Flyer Armor Level 2  
  196  16:37  Zergling x2  
  196  16:38  Zergling x4  
  199  17:03  Overseer  
  199  17:04  Overseer x3  
  199  17:09  Burrow  
  199  17:10  Hatchery  
  199  17:13  Neural Parasite  
  198  17:22  Baneling x6  
  198  17:24  Zergling x2  
  199  17:31  Spore Crawler  
  195  17:55  Drone x4, Extractor  
  195  17:57  Extractor  
  197  18:08  Spore Crawler x2  
  197  18:10  Spore Crawler  
  184  18:25  Zerg Missile Weapons Level 3  
  180  18:48  Corruptor x9  
  189  19:03  Corruptor x5  
  195  19:15  Zergling x16  
  199  19:23  Brood Lord  
  191  19:25  Ultralisk, Zergling x4  
  180  19:41  Drone, Ultralisk x5, Zergling x6  
  195  19:48  Brood Lord x3  
  195  19:49  Brood Lord  
  193  19:53  Zergling x12  
  199  20:22  Drone, Spine Crawler x2  
  199  20:23  Spine Crawler, Spore Crawler x2  
  199  20:24  Spore Crawler  
  199  20:26  Spore Crawler  
  193  20:32  Spore Crawler  
  193  20:33  Spore Crawler  
  193  20:34  Spore Crawler  
  190  20:39  Brood Lord x4  
  198  20:53  Drone  
  199  21:00  Extractor  
  199  21:01  Hatchery, Extractor  
  194  21:16  Spore Crawler  
  186  21:19  Spore Crawler x2  
  186  21:20  Corruptor x9  
  186  21:21  Spore Crawler  
  182  21:41  Corruptor x2  
  182  21:42  Drone x2  
  194  21:47  Ultralisk x2, Zergling x10  
  194  21:48  Zergling x2  
  196  21:58  Hatchery, Overlord  
  196  22:01  Overseer x2  
  195  22:04  Baneling x3  
  195  22:05  Baneling  
  195  22:07  Overlord x3  
  195  22:13  Overlord x2  
  195  22:18  Zergling x4  
  195  22:19  Overlord  
  190  22:29  Ultralisk, Zergling x22  
  199  22:35  Infestor  
  199  22:49  Zergling x16  
  194  23:16  Corruptor x3  
  195  23:27  Zergling x10  
  159  23:56  Ultralisk x6  
  159  23:57  Ultralisk, Zergling x4  
  159  23:58  Overlord  
  195  24:03  Zergling x8  
  194  24:21  Zergling x12  
  200  24:38  Hatchery  
  199  24:52  Zergling x2  
  188  25:00  Viper x3  
  188  25:06  Infestor  
  188  25:07  Roach  
  184  25:14  Zergling x22  
  184  25:16  Zergling x8  
  199  25:40  Overseer  
  193  25:51  Infestor x4  
  192  26:02  Zergling x10  
  192  26:03  Zergling x12  
  170  26:19  Zergling x34  
  182  26:31  Zergling x14  
  177  26:35  Queen x4  
  177  26:36  Queen x2  
  177  26:39  Viper  
  185  26:40  Viper  
  177  26:55  Zergling x20  
  177  27:00  Brood Lord x2  
  177  27:01  Brood Lord  
  183  27:11  Queen x4  
  183  27:12  Queen  
  185  27:24  Zergling x24  
  197  27:32  Infestor  
  197  27:33  Spore Crawler x2  
  197  27:39  Hatchery  
  162  28:12  Viper x3  
  149  28:13  Corruptor x2  
  149  28:14  Zergling x20  
  149  28:15  Zergling x12  
  168  28:23  Spore Crawler x2  
  166  28:42  Drone x2  
  166  28:43  Hatchery, Extractor  
  166  28:45  Extractor  
  164  29:08  Spore Crawler  
  163  29:10  Spore Crawler  
  161  29:35  Corruptor x9  
  161  29:37  Zergling x12  
  171  30:02  Queen x3  
  173  30:15  Ultralisk  
  178  30:30  Ultralisk  
  184  31:08  Ultralisk x2, Zergling x2  
  184  31:32  Ultralisk  
  190  31:33  Zergling x8  
  181  31:52  Ultralisk  
  179  32:21  Ultralisk, Zergling x2  
  186  32:33  Overseer  
  184  32:56  Queen x2  
  184  32:57  Drone  
  184  32:58  Drone  
  190  32:59  Drone  
  190  33:00  Drone  
  191  33:31  Zergling x2  
  191  33:32  Zergling x12  
  198  33:52  Zergling x4  
  163  34:27  Corruptor  
  163  34:28  Corruptor x5  
  158  34:44  Infestor x2  
  160  34:46  Viper x2  
  162  35:02  Infestor x2  
  162  36:01  Overseer  
  162  36:05  Infestor x2  
  162  36:10  Ultralisk  
  162  36:11  Zergling x16  
  180  36:14  Zergling x2, Queen x2  
  180  36:15  Queen x2  
  189  36:42  Queen  
  184  36:48  Spore Crawler  
  181  37:15  Queen  
  181  37:16  Queen x2  
  187  38:01  Queen  
  187  38:09  Corruptor  
  187  38:24  Hatchery  
  186  39:07  Corruptor  
  186  39:08  Drone, Corruptor  
  122  40:49  Drone x2  
  95  42:14  Infestor x3